 Dungeon Crawl Stone Soup version 0.23.2-1-ga50397a (webtiles) character file.

Game seed: 16426207179269269790

424 IBeShadow the Insei (level 6, -1/41 HPs)
             Began as an Octopode Transmuter on May 22, 2019.
             Slain by a gnoll
             ... wielding a +2 spear of electrocution
              (16 damage)
             ... on level 3 of the Dungeon.
             The game lasted 00:07:09 (4690 turns).

IBeShadow the Insei (Octopode Transmuter)           Turns: 4690, Time: 00:07:10

Health: -1/41      AC:  1    Str: 16    XL:     6   Next: 96%
Magic:  12/19      EV: 14    Int: 16    God:
Gold:   170        SH:  0    Dex: 12    Spells: 8/11 levels left

rFire    . . .     SeeInvis .     - Unarmed
rCold    . . .     Gourm    .   (no shield)
rNeg     . . .     Faith    .   (helmet restricted)
rPois    .         Spirit   .   (no amulet)
rElec    .         Reflect  .   i - ring of magical power
rCorr    .         Harm     .   (no ring)
MR       .....                  (no ring)
Stlth    +++.......             (no ring)
HPRegen  0.13/turn              (no ring)
MPRegen  0.16/turn              (no ring)
                                (no ring)
                                (no ring)

@: mighty
A: almost no armour, stealthy swim, amphibious, 8 rings, constrict 8, camouflage
1, gelatinous body 1
a: no special abilities


You were on level 3 of the Dungeon.
You were hungry.

You visited 1 branch of the dungeon, and saw 3 of its levels.

You collected 170 gold pieces.

Inventory:

Missiles
 a - 28 arrows
Jewellery
 i - a ring of magical power (left tentacle)
Scrolls
 e - a scroll of identify
 f - 2 scrolls of enchant weapon {unknown}
 h - a scroll of immolation {unknown}
 j - 3 scrolls of remove curse
 l - a scroll of amnesia {unknown}
 o - a scroll of fog {unknown}
Potions
 b - 2 potions of heal wounds
 d - 2 potions of brilliance
 g - a potion of magic {unknown}
 n - 2 potions of agility {unknown}
Comestibles
 c - 5 rations


   Skills:
 + Level 2.8 Fighting
 + Level 3.1 Dodging
 + Level 3.9 Stealth
 + Level 4.1 Unarmed Combat
 + Level 3.2 Spellcasting
 + Level 3.3 Transmutations


You had 8 spell levels left.
You knew the following spells:

 Your Spells              Type           Power        Failure   Level  Hunger
a - Beastly Appendage     Tmut           ##....       4%          1    None
b - Sticks to Snakes      Tmut           ##......     7%          2    ##.....

Your spell library contained the following spells:

 Spells                   Type           Power        Failure   Level  Hunger
 Spider Form              Tmut/Pois      #.........   28%         3    ###....
 Ice Form                 Ice/Tmut       #.......     67%         4    ####...
 Blade Hands              Tmut           ##........   78%         5    ######.


Dungeon Overview and Level Annotations

Branches:
Dungeon (3/15)

Altars:
Ru

Annotations:
D:3 1 transporter, kaiten619's ghost, amateur OgGl


Innate Abilities, Weirdness & Mutations

You cannot wear most types of armour.
You are very stealthy in the water. (Stealth+)
You are amphibious.
You can wear up to eight rings at the same time.
You can use your tentacles to constrict eight enemies at once.
Your skin changes colour to match your surroundings (Stealth+).
Your rubbery body absorbs attacks. (AC +1, EV +1)


Message History

Your ball python bites the plant but does no damage.
Your ball python constricts the plant.
The gnoll hits your adder with a +2 spear of electrocution!
You swap places.
Your adder misses the gnoll.
Your ball python bites the plant.
Your ball python grabs the plant.
Your ball python constricts the plant.
Your ball python completely misses the plant.
Your ball python constricts the plant.
Your ball python bites the plant but does no damage.
Your ball python grabs the plant.
Your ball python constricts the plant.
Kaiten619's ghost shrieks, "You will join me soon!"
The gnoll barely misses you.
Your adder barely misses the gnoll.
Your ball python bites the plant but does no damage.
Your ball python constricts the plant.
Your ball python bites the plant but does no damage.
Your ball python constricts the plant.
Your ball python bites the plant but does no damage.
Your ball python constricts the plant.
Your adder barely misses the gnoll.
The gnoll hits you from afar with a +2 spear of electrocution!
You are electrocuted!
You die...

#..≈≈≈≈≈≈≈≈≈≈≈...≈≈≈≈≈≈≈≈≈≈≈.#
#..≈≈≈≈≈≈≈≈≈≈≈...≈≈≈≈≈≈≈≈≈≈≈.#
#..≈≈#####...........#####≈≈.##
#..≈≈#.8.#.###.©.###.#.8.#≈≈..#
#..≈≈#...###W#####.###...#≈≈..#
#..≈≈###.g.g.g.........###≈≈..#
#..≈≈.8#.######g######.#8.≈≈..#
#..≈≈.##.#P⌠P#PS8#$g$#.##.≈≈..#
#..≈≈.#..'.SS.@S⌠#:.$'..#.≈≈..#
#..≈≈.##.#P⌠P#P.8#=.$#.##.≈≈..#
#..≈≈.8#.######'######g#8.≈≈..#
#..≈≈###.......(.......###≈≈...
#..≈≈#.$.###.#####.###...#≈≈..#
#..≈≈#.8.#.###.©.###.#.8.#≈≈..#
##.≈≈#####...........#####≈≈..#
#.≈≈≈≈≈≈≈≈≈≈≈≈≈≈≈≈≈≈≈≈≈≈≈≈≈..#
#.≈≈≈≈≈≈≈≈≈≈≈≈≈≈≈≈≈≈≈≈≈≈≈≈≈..#


You could see a gnoll sergeant, a gnoll, a friendly adder and 3 friendly ball
pythons.

Vanquished Creatures
  2 orc priests (D:2)
  4 orc wizards
  An iguana (D:3)
  Natasha (twice) (D:2)
  A gnoll (D:3)
  6 adders
  2 oozes
  3 worms
  2 dart slugs (D:1)
  A leopard gecko (D:1)
  11 orcs
  A ball python (D:1)
  11 bats
  5 giant cockroaches
  9 goblins
  9 hobgoblins
  2 jackals (D:1)
  8 kobolds
  A quokka (D:3)
  5 frilled lizards
  4 rats
90 creatures vanquished.

Notes
Turn   | Place    | Note
-------+----------+-------------------------------------------
     0 | D:1      | IBeShadow the Octopode Transmuter began the quest for the
                  | Orb.
     0 | D:1      | Reached XP level 1. HP: 13/13 MP: 3/3
   115 | D:1      | Reached XP level 2. HP: 18/18 MP: 5/5
   122 | D:1      | Learned a level 2 spell: Sticks to Snakes
   175 | D:1      | Reached skill level 1 in Stealth
   523 | D:1      | Reached XP level 3. HP: 20/23 MP: 6/6
  1131 | D:2      | Reached XP level 4. HP: 18/29 MP: 7/7
  1294 | D:2      | HP: 1/29 [orc wizard/+0 dagger (4)]
  1311 | D:2      | Reached XP level 5. HP: 13/34 MP: 8/8
  2401 | D:2      | Noticed Natasha
  2408 | D:2      | Killed Natasha
  2664 | D:2      | Noticed Natasha
  2675 | D:2      | Killed Natasha
  3081 | D:3      | Reached XP level 6. HP: 41/41 MP: 10/10
  3292 | D:3      | Reached skill level 4 in Unarmed Combat
  4255 | D:3      | Found a transporter.
  4256 | D:3      | Found a transporter.
  4260 | D:3      | Noticed kaiten619's ghost (amateur OgGl)
  4531 | D:3      | Found a sacrificial altar of Ru.
  4646 | D:3      | Identified the +5 trident "Zuuqitweih" {chaos, MR- Str+4
                  | Dex+3 SInv}
  4690 | D:3      | Slain by a gnoll

Skill      XL: |  1  2  3  4  5  6 |
---------------+-------------------+-----
Stealth        | 1 2 3 |  3.9
Fighting       | 2 |  2.8
Transmutations | 3 |  3.3
Spellcasting   | 3 |  3.2
Dodging        | 3 |  3.1
Unarmed Combat | 4 |  4.1

Action                   |  1- 3 |  4- 6 || total
-------------------------+-------+-------++-------
Melee: Unarmed           |    91 |   164 ||   255
       Constrict         |    21 |    43 ||    64
       Tentacles         |    14 |    33 ||    47
       Punch             |     1 |     6 ||     7
 Cast: Sticks to Snakes  |       |     4 ||     4
  Use: Potion            |       |     4 ||     4
       Scroll            |       |     2 ||     2
 Stab: Sleeping          |    11 |    13 ||    24
  Eat: Chunk             |     1 |     7 ||     8
       Ration            |       |     1 ||     1
Armor: Skin              |    11 |    17 ||    28
Dodge: Dodged            |    60 |   104 ||   164
